 Dungeon Crawl Stone Soup version 0.17.1-3-g152610e (webtiles) character file.

68 juanjsm the Sneak (level 4, -1/21 HPs)
             Began as a Spriggan Enchanter on Apr 2, 2016.
             Killed from afar by juanjsm's ghost (7 damage)
             ... with a spray of energy
             ... on level 3 of the Dungeon.
             The game lasted 00:05:43 (1637 turns).

juanjsm the Sneak (Spriggan Enchanter)              Turns: 1637, Time: 00:05:43

Health: -1/21      AC:  3    Str:  4    XL:     4   Next: 1%
Magic:  0/10       EV: 18    Int: 17    God:
Gold:   70         SH:  0    Dex: 16    Spells: 4 memorised, 0 levels left

rFire  . . .     SeeInvis +     a - +1 dagger
rCold  . . .     Clarity  .     b - +1 robe
rNeg   . . .     SustAt   .     (shield restricted)
rPois  .         Gourm    .     (helmet restricted)
rElec  .         Spirit   .     (no cloak)
rCorr  .         Warding  .     (gloves unavailable)
rMut   .         Stasis   .     (boots unavailable)
MR     .....                    (no amulet)
Stlth  ++........               (no ring)
                                (no ring)

@: glowing, very quick, not resistant to hostile enchantments, unstealthy
A: unfitting armour, see invisible, herbivore 3, speed 3, slow metabolism 2
a: no special abilities


You were on level 3 of the Dungeon.
You were not hungry.

You visited 1 branch of the dungeon, and saw 3 of its levels.

You collected 70 gold pieces.

Inventory:

Hand Weapons
 a - a +1 dagger (weapon)
Armour
 b - a +1 robe (worn)
Scrolls
 f - 3 scrolls of identify {unknown}
 h - 2 scrolls of remove curse {unknown}
 j - a scroll of immolation {unknown}
 k - a scroll of amnesia {unknown}
 l - a scroll of fear {unknown}
 m - a scroll of magic mapping {unknown}
Potions
 e - a potion of flight {unknown}
 g - a potion of lignification {unknown}
 i - 2 potions of poison {unknown}
Books
 c - a book of Maledictions

   Spells                             Type                      Level
   a - Corona                         Hexes                        1
   b - Ensorcelled Hibernation        Hexes/Ice                    2
   c - Confuse                        Hexes                        3
   d - Tukima's Dance                 Hexes                        3
   e - Dazzling Spray                 Conjuration/Hexes            3
Comestibles
 d - a bread ration


   Skills:
 + Level 0.1 Fighting
 + Level 1.1 Short Blades
 + Level 3.4 Dodging
 + Level 5.9 Stealth
 + Level 3.4 Spellcasting
 + Level 4.2 Hexes
 + Level 0.2 Ice Magic


You couldn't memorise any spells.
You knew the following spells:

 Your Spells              Type           Power        Failure   Level  Hunger
a - Corona                Hex            ###....      2%          1    None
b - Ensorcelled Hibernat  Hex/Ice        ##....       12%         2    ##.....
c - Confuse               Hex            ###.....     10%         3    ###....
d - Dazzling Spray        Conj/Hex       ##......     24%         3    ###....


Dungeon Overview and Level Annotations

Branches:
Dungeon (3/15)

Altars:
Okawaru
Trog

Annotations:
D:3 juanjsm's ghost, amateur SpEn


Innate Abilities, Weirdness & Mutations

You are tiny and cannot use many weapons and most armour.
You have supernaturally acute eyesight.
You are a herbivore.
You cover ground extremely quickly.
You need consume almost no food.


Message History

Juanjsm's ghost is heavily damaged.
Juanjsm's ghost hits you.
* * * LOW HITPOINT WARNING * * *
Casting: Confuse
Confirm with . or Enter, or press ? or * to list all spells.
Okay, then.
Juanjsm's ghost casts a spell at you. You resist with some effort.
Your magical contamination has completely faded away.
Juanjsm's ghost says, "I have seen your future, and it is all used up."
Casting: Confuse
Confirm with . or Enter, or press ? or * to list all spells.
Aiming: Confuse
Press: ? - help, Shift-Dir - straight line, f/p - juanjsm's ghost
Aim: juanjsm's ghost (moderately damaged, chance to defeat MR: 42%) Juanjsm's ghost resists with some effort.
Juanjsm's ghost misses you.
Juanjsm's ghost gestures at you while chanting.
The spray of energy hits you!
You die...

# . #. . ##!###. . .
.....# .#####.# ....
........
#######.####.#.##.###
..................... .
######.###W.#.##...###.
#@# #..#.......... #.#
#.....#.###)#.
#####.###.#...........
##.....W.......#.###.#.
............##..#.#?#.#.
....###.#...##..#.###.#.
... #.#...##..).......
.. #.#...##..#)###.#. #
#.....##...)...(..


You could see juanjsm's ghost.

Vanquished Creatures
  3 adders (D:2)
  A giant gecko (D:1)
  2 orcs (D:3)
  3 giant cockroaches
  9 hobgoblins
  2 quokkas (D:2)
  2 ball pythons
  A bat (D:2)
  3 giant newts
  A goblin (D:2)
  6 kobolds
  5 rats
38 creatures vanquished.

Notes
Turn   | Place    | Note
--------------------------------------------------------------
     0 | D:1      | juanjsm the Spriggan Enchanter began the quest for the Orb.
     0 | D:1      | Reached XP level 1. HP: 9/9 MP: 5/5
   366 | D:1      | Reached XP level 2. HP: 13/13 MP: 4/6
   370 | D:1      | Learned a level 2 spell: Ensorcelled Hibernation
   729 | D:2      | Reached skill level 5 in Stealth
   932 | D:2      | Found an iron altar of Okawaru.
   944 | D:2      | Reached XP level 3. HP: 7/16 MP: 1/8
  1467 | D:2      | Found a bloodstained altar of Trog.
  1467 | D:2      | Found an iron altar of Okawaru.
  1473 | D:2      | Learned a level 3 spell: Confuse
  1501 | D:3      | Reached XP level 4. HP: 21/21 MP: 7/10
  1503 | D:3      | Noticed juanjsm's ghost (amateur SpEn)
  1506 | D:3      | Learned a level 3 spell: Dazzling Spray
  1637 | D:3      | Killed from afar by juanjsm's ghost

Action                   |  1- 3 |  4- 6 || total
-------------------------+-------+-------++-------
Melee: Dagger            |    61 |    16 ||    77
 Cast: Corona            |     5 |     1 ||     6
       Ensorcelled Hiber |     8 |     1 ||     9
       Confuse           |       |     2 ||     2
       Dazzling Spray    |       |     1 ||     1
 Stab: Sleeping          |    27 |     1 ||    28
